 Dungeon Crawl Stone Soup version 0.24.1-14-gf8d2b509d9 (webtiles) character file.

Game seed: 2517825465181371809, levelgen mode: deterministic

574 UrbanGarlic the Cleaver (level 7, -29/57 HPs)
             Began as a Hill Orc Fighter on Oct 7, 2022.
             Killed from afar by an ogre (30 damage)
             ... with an exploding inner flame
             ... hexed by the player character
             ... on level 3 of the Dungeon.
             The game lasted 00:25:16 (3474 turns).

UrbanGarlic the Cleaver (Hill Orc Fighter)          Turns: 3474, Time: 00:25:17

Health: -29/57     AC: 11    Str: 19    XL:     7   Next: 35%
Magic:  7/7        EV:  5    Int: 10    God:
Gold:   146        SH:  9    Dex: 14    Spells: 6/6 levels left

rFire    . . .     SeeInvis .   w - +2 war axe
rCold    . . .     Gourm    .   c - +0 shield
rNeg     + . .     Faith    .   a - +2 chain mail {MR+}
rPois    .         Spirit   .   (no helmet)
rElec    .         Reflect  .   (no cloak)
rCorr    .         Harm     .   (no gloves)
MR       +....                  (no boots)
Stlth    ..........             (no amulet)
HPRegen  0.19/turn              o - +4 ring of dexterity
MPRegen  0.10/turn              v - ring of positive energy

@: no status effects
A: no striking features
a: no special abilities


You were on level 3 of the Dungeon.
You were not hungry.

You visited 1 branch of the dungeon, and saw 4 of its levels.

You collected 146 gold pieces.

Inventory:

Hand Weapons
 g - a +0 halberd
 l - a +0 spear
 p - a +4 club
 w - a +2 war axe (weapon)
 x - a +0 mace
 C - a +0 spear
 W - a +0 hunting sling
Missiles
 i - 209 stones (quivered)
 n - 37 sling bullets
 z - 44 bolts
Armour
 a - a +2 chain mail of magic resistance (worn)
 b - a +0 scale mail
 c - a +0 shield (worn)
 j - a +0 ring mail
 u - a +0 large shield
 y - a +0 leather armour
Jewellery
 o - a +4 ring of dexterity (left hand)
 v - a ring of positive energy (right hand)
Wands
 B - a wand of random effects (19)
Scrolls
 e - 5 scrolls of identify {unknown}
 q - a scroll of remove curse
 r - a scroll of immolation
 t - 2 scrolls of fear {unknown}
 A - 4 scrolls of teleportation {unknown}
Potions
 h - 2 potions of lignification {unknown}
 k - a potion of ambrosia {unknown}
 m - a potion of agility {unknown}
Comestibles
 d - 4 chunks of flesh
 f - 9 rations


   Skills:
 - Level 3.6 Fighting
 + Level 10.3 Axes
 - Level 3.2 Armour
 - Level 3.2 Shields


You had 6 spell levels left.
You didn't know any spells.
Your spell library was empty.

Dungeon Overview and Level Annotations

Branches:
Dungeon (4/15)
 Temple: D:4-7

Altars:
Elyvilon
Okawaru
Ru


Message History

The ogre is heavily wounded.
You block the ogre's attack.
You hit the ogre.
The ogre is severely wounded.
The ogre hits you with a +0 giant club.
You completely miss the ogre.
The ogre is severely wounded.
The ogre hits you with a +0 giant club!
You hit the ogre.
The ogre is almost dead.
You hit the ogre but do no damage.
The ogre is almost dead.
The ogre hits you with a +0 giant club!
* * * LOW HITPOINT WARNING * * *
Unknown command.
You slash the ogre!
The ogre explodes!
The fiery explosion engulfs you!!
Ouch! That really hurt!
You die...

######## #......#
#......########
#.............##############
#...........................
#.............##############
#.............# #.....#
#......####.#########..♣..##
#......# #@§§........♣_♣...
#......# #§####.##....♣...#
#......# #.####.##.#......#
#[.....# #......##.###.###♣
#......# #########.##..##♣♣
#......# #######'##.##P♣≈
######## #..........#♣♣≈≈
#........#≈≈♣≈≈≈
#.........≈PP≈..


There were no monsters in sight!

Vanquished Creatures
  The ghost of eggboy84 the Sneak, an amateur KoAs of Dithmenos (D:3)
  A bullfrog (D:3)
  A hound (D:3)
  An orc priest (D:2)
  2 orc wizards (D:3)
  Jessica (D:2)
  Terence (D:2)
  A worker ant (D:4)
  4 gnolls (D:4)
  4 adders
  2 oozes
  A worm (D:3)
  4 dart slugs (D:1)
  5 leopard geckos
  3 orcs
  3 ball pythons
  8 bats
  5 giant cockroaches
  14 goblins
  16 hobgoblins
  2 jackals (D:2)
  9 frilled lizards
  A jackal skeleton (D:4)
  11 kobolds
  A quokka skeleton (D:4)
  11 rats
113 creatures vanquished.

Notes
Turn   | Place    | Note
-------+----------+-------------------------------------------
     0 | D:1      | UrbanGarlic the Hill Orc Fighter began the quest for the
                  | Orb.
     0 | D:1      | Reached XP level 1. HP: 19/19 MP: 1/1
     6 | D:1      | Noticed a worker ant
     6 | D:1      | Noticed a wyvern
     6 | D:1      | Noticed a salamander
     7 | D:1      | Noticed a wolf
     7 | D:1      | Noticed a black bear
    35 | D:1      | Reached skill level 3 in Axes
    69 | D:1      | Reached XP level 2. HP: 19/26 MP: 2/2
   146 | D:1      | Reached skill level 4 in Axes
   351 | D:1      | Reached XP level 3. HP: 31/31 MP: 3/3
   704 | D:1      | Reached skill level 5 in Axes
  1008 | D:2      | Noticed Terence
  1122 | D:2      | Noticed Jessica
  1205 | D:2      | Killed Jessica
  1205 | D:2      | Reached skill level 6 in Axes
  1205 | D:2      | Reached XP level 4. HP: 24/39 MP: 4/4
  1517 | D:2      | Found an iron altar of Okawaru.
  1752 | D:2      | Killed Terence
  1752 | D:2      | Reached XP level 5. HP: 37/45 MP: 5/5
  1816 | D:2      | Reached skill level 7 in Axes
  2220 | D:2      | Reached skill level 8 in Axes
  2220 | D:2      | Reached XP level 6. HP: 7/51 MP: 6/6
  2513 | D:3      | Found a sacrificial altar of Ru.
  2624 | D:3      | Found a runed translucent door.
  2628 | D:3      | Noticed eggboy84's ghost (amateur KoAs)
  2663 | D:3      | Found a faded altar of an unknown god.
  2780 | D:3      | Found a white marble altar of Elyvilon.
  2980 | D:3      | Found a runed translucent door.
  3111 | D:3      | Reached skill level 9 in Axes
  3122 | D:3      | Killed eggboy84's ghost
  3122 | D:3      | Reached XP level 7. HP: 54/57 MP: 7/7
  3283 | D:4      | Reached skill level 10 in Axes
  3473 | D:3      | HP: 1/57 [ogre/+0 giant club (17)]
  3474 | D:3      | Killed from afar by an ogre

Levels and vault maps discovered:
D:1:      onia_arrival_zoo_common, layout_loops_corners, minmay_misc_feat_roman,
          minmay_misc_feat_five, hangedman_abyss_or_decor_lesser_grid,
          minmay_stone_trees_small, hangedman_abyss_or_decor_stabs, st_stairs_12
D:2:      kennysheep_the_goblin_king, layout_rooms, serial_bayou_pond_d,
          hangedman_decor_clover_reticule, grunt_ministairs_14, dk_vineyard_2,
          st_stairs_13, okawaru_altar_gauntlet_db, uniq_terence, uniq_jessica
D:3:      layout_basic, elyvilon_altar_5, lemuel_round_altar,
          chequers_ecumenical_altar_simple, serial_bayou, serial_bayou_ford_a,
          serial_bayou_crossing, serial_bayou_shore_b, serial_bayou_pond_d,
          first_ration, ebering_ghost_sewer_f
D:4:      layout_cave_pools, amethyst_overflow_temple_binary, serial_shops, shop

Skill      XL: |  1  2  3  4  5  6  7 |
---------------+----------------------+-----
Axes           | 3 4 6 8 9 10 | 10.3
Fighting       | |  3.6
Armour         | |  3.2
Shields        | |  3.2

Action                   |  1- 3 |  4- 6 |  7- 9 || total
-------------------------+-------+-------+-------++-------
Melee: War axe           |    99 |   190 |    54 ||   343
 Fire: Hunting sling     |       |     4 |       ||     4
Throw: Stone             |    14 |     2 |     3 ||    19
  Use: Potion            |       |     1 |       ||     1
       Scroll            |       |       |     5 ||     5
  Eat: Chunk             |     1 |     7 |     1 ||     9
Armor: Scale mail        |     9 |       |       ||     9
       Ring mail         |    32 |    24 |       ||    56
       Chain mail        |       |    74 |    31 ||   105
Dodge: Dodged            |    33 |    56 |     9 ||    98
Block: Shield            |    54 |    96 |    22 ||   172
